 Dungeon Crawl Stone Soup version 0.23.2-40-g277498a001 (webtiles) character file.

Game seed: 1308534382699027958

3704 Hylith the Basher (level 10, -3/65 HPs)
             Began as a Gargoyle Fighter on Aug 13, 2019.
             Was an Elder of Okawaru.
             Slain by a bone dragon (13 damage)
             ... on level 3 of the Abyss.
             The game lasted 00:16:44 (6458 turns).

Hylith the Basher (Gargoyle Fighter)                Turns: 6458, Time: 00:16:45

Health: -3/65      AC: 21    Str: 20    XL:     10   Next: 14%
Magic:  8/8        EV:  7    Int:  6    God:    Okawaru [****..]
Gold:   557        SH:  5    Dex: 10    Spells: 9/9 levels left

rFire    . . .     SeeInvis .   a - +2 whip (elec)
rCold    + . .     Gourm    +   n - +0 buckler
rNeg     + + .     Faith    .   I - +0 chain mail
rPois    ∞         Spirit   .   H - +0 helmet
rElec    +         Reflect  .   A - +0 cloak of Follow the Leader {Dex+5}
rCorr    .         Harm     .   s - +0 pair of gloves
MR       .....     Rnd*Rage +   (no boots)
Stlth    ..........             b - amulet of the gourmand
HPRegen  0.20/turn              h - ring of positive energy
MPRegen  0.11/turn              l - ring of protection from cold

@: berserk cooldown, slowed, very slow
A: [berserk 2], [clumsy 2], [dopey 2], [low mp 2], negative energy resistance 1,
electricity resistance, [weak 1], unbreathing, petrification resistance, rot
immunity, AC +7
a: Heroism, Renounce Religion


You were on level 3 of the Abyss.
You worshipped Okawaru.
Okawaru was greatly pleased with you.
You were not hungry.

You visited 1 branch of the dungeon, and saw 7 of its levels.
You visited the Abyss 1 time.
You also visited: Sewer and Ossuary.

You collected 557 gold pieces.

Inventory:

Hand Weapons
 a - a +2 whip of electrocution (weapon)
 u - a +2 flail of venom
 N - a +2 morningstar of distortion
Armour
 c - a +0 shield
 n - a +0 buckler (worn)
 s - a +0 pair of gloves (worn)
 x - a +0 large shield
 A - the +0 cloak of Follow the Leader (worn) {Dex+5}
   (You found it on level 4 of the Dungeon)

   It affects your dexterity (+5).
 H - a +0 helmet (worn)
 I - a +0 chain mail (worn)
Jewellery
 b - an amulet of the gourmand (around neck)
 h - a ring of positive energy (left hand)
 l - a ring of protection from cold (right hand)
 L - an uncursed ring of see invisible
Wands
 p - a wand of disintegration (9)
 K - a wand of iceblast (9)
 M - a wand of digging (7)
Scrolls
 g - 4 scrolls of teleportation
 m - 2 scrolls of blinking
 v - 4 scrolls of remove curse
 w - a scroll of magic mapping {unknown}
 y - 2 scrolls of enchant armour
 E - a scroll of fear
 F - a scroll of enchant weapon {unknown}
 J - 3 scrolls of identify
 O - a scroll of silence {unknown}
Potions
 d - a potion of might
 e - 4 potions of degeneration {unknown}
 i - 4 potions of agility {unknown}
 j - 2 potions of flight {unknown}
 k - 10 potions of heal wounds {unknown}
 o - 8 potions of curing
 q - 2 potions of mutation {unknown}
 r - a potion of ambrosia {unknown}
 t - 3 potions of haste {unknown}
 z - 2 potions of lignification {unknown}
 B - a potion of cancellation {unknown}
 C - a potion of magic {unknown}
 D - a potion of resistance {unknown}
 G - 3 potions of brilliance {unknown}
Comestibles
 f - 10 rations


   Skills:
 + Level 8.8 Fighting
 * Level 10.6 Maces & Flails
 + Level 6.2 Armour
 + Level 5.3 Shields


You had 9 spell levels left.
You didn't know any spells.
Your spell library was empty.

Dungeon Overview and Level Annotations

Branches:
Dungeon (7/15)             Temple (0/1) D:6

Altars:
Okawaru
Yredelemnul


Innate Abilities, Weirdness & Mutations

You are resistant to torment.
Your stone body is resilient. (AC +7)
You are immune to poison.
You resist negative energy. (rN+)
You are resistant to electric shocks. (rElec)
You can survive without breathing.
You are immune to petrification.
You are immune to rotting.
[You often lose your temper in combat.]
[You are very clumsy. (Dex -4)]
[You are very dopey. (Int -4)]
[Your magical capacity is very low. (-20% MP)]
[You are weak. (Str -2)]


Message History

The small abomination is almost destroyed.
You whack the small abomination!
You destroy the small abomination!
Okawaru accepts your kill.
A bone dragon comes into view.
You feel a strong urge to attack something.
You feel your anger nearly subside.
You are no longer berserk.
You are exhausted.
You feel yourself slow down. The bone dragon closely misses you.
The bone dragon claws you.
The bone dragon tramples you but does no damage.
A satyr comes into view. It is wielding a +0 club.
The satyr shouts!
The bone dragon closely misses you. The bone dragon claws you!
The bone dragon tramples you.
You stumble backwards!
The satyr unwields a +0 club.
The satyr wields a +0 longbow.
The satyr shoots an arrow.
The arrow hits you!
* * * LOW HITPOINT WARNING * * *
The bone dragon bites you!
You die...

## ## #.#####.
#....... ....c. ....
#..## ##...## .
.##.....# .
#..#@D.#.# #. ##.
###..#.## .# ...
.....##.###.# ...
##.###...#.#.# .#
.........#.#. .##
#.## ...##.#.#....#
#####..#..####D..# .
.....###.D..###.....
###..#.##.. #..


You could see a bone dragon and a satyr.

Vanquished Creatures
  A wretched star (Abyss:3)
  The ghost of jaiteiro the Archer, a novice CeHu (D:3)
  Prince Ribbit (D:5)
  Eustachio (D:4)
  2 small abominations (Abyss:3)
  A hungry ghost (D:7)
  2 ice beasts
  2 ogres (D:5)
  3 centaurs (D:6)
  A big kobold (Sewer)
  3 bullfrogs
  A gnoll sergeant (D:6)
  A wyvern zombie (D:7)
  2 scorpions (D:5)
  A howler monkey (D:7)
  3 crimson imps
  A jelly (Abyss:3)
  4 orc priests
  4 worker ants
  3 orc wizards (D:6)
  A big kobold zombie (Ossuary)
  8 mummies (Ossuary)
  A worker ant zombie (D:6)
  Robin (D:4)
  13 gnolls
  12 adders
  5 river rats (Sewer)
  An ooze (D:6)
  5 worms
  2 dart slugs
  5 leopard geckos
  18 orcs
  4 ball pythons
  4 giant cockroaches
  3 gnoll zombies (Ossuary)
  18 goblins
  5 hobgoblins
  4 jackals (D:2)
  21 kobolds
  3 quokkas
  6 bats
  4 frilled lizards (D:1)
  A giant cockroach zombie (D:6)
  4 kobold zombies (Ossuary)
  A leopard gecko skeleton (D:4)
  A quokka skeleton (D:5)
  A quokka zombie (D:6)
  26 rats
216 creatures vanquished.

Notes
Turn   | Place    | Note
-------+----------+-------------------------------------------
     0 | D:1      | Hylith the Gargoyle Fighter began the quest for the Orb.
     0 | D:1      | Reached XP level 1. HP: 14/14 MP: 1/1
   172 | D:1      | Reached XP level 2. HP: 17/19 MP: 2/2
   646 | D:1      | Reached XP level 3. HP: 20/23 MP: 3/3
  1307 | D:2      | Reached skill level 3 in Maces & Flails
  1589 | D:3      | Reached XP level 4. HP: 27/29 MP: 4/4
  1749 | D:3      | Noticed jaiteiro's ghost (novice CeHu)
  1751 | D:3      | Found a faded altar of an unknown god.
  1947 | D:3      | Found a runed translucent door.
  2079 | D:3      | Reached XP level 5. HP: 6/33 MP: 5/5
  2441 | D:3      | Reached skill level 4 in Maces & Flails
  2806 | D:3      | Killed jaiteiro's ghost
  2806 | D:3      | Reached skill level 5 in Fighting
  2806 | D:3      | Reached skill level 5 in Maces & Flails
  2806 | D:3      | Reached skill level 5 in Armour
  2806 | D:3      | Reached XP level 6. HP: 36/40 MP: 6/6
  2806 | D:3      | Reached XP level 7. HP: 39/44 MP: 7/7
  2889 | D:4      | Noticed Eustachio
  2916 | D:4      | Killed Eustachio
  2960 | D:4      | Found an iron altar of Okawaru.
  2972 | D:4      | Became a worshipper of Warmaster Okawaru
  3163 | D:4      | Noticed Robin
  3208 | D:4      | Killed Robin
  3505 | D:4      | Got a pitted cloak
  3511 | D:4      | Identified the cursed +0 cloak of Follow the Leader {Dex+5}
                  | (You found it on level 4 of the Dungeon)
  3532 | D:5      | Entered Level 5 of the Dungeon
  3550 | D:5      | Reached skill level 6 in Maces & Flails
  3602 | D:5      | Found a sand-covered staircase.
  3607 | Ossuary  | Entered an ossuary
  3635 | Ossuary  | Reached XP level 8. HP: 37/51 MP: 8/8
  3840 | D:5      | Reached * piety under Okawaru
  3840 | D:5      | Reached skill level 7 in Maces & Flails
  4293 | D:5      | Noticed Prince Ribbit
  4416 | D:5      | Killed Prince Ribbit
  4446 | D:5      | Reached skill level 8 in Maces & Flails
  4695 | D:6      | Found a basalt altar of Yredelemnul.
  4808 | D:6      | Found a staircase to the Ecumenical Temple.
  4813 | D:6      | Reached ** piety under Okawaru
  4828 | D:6      | Reached XP level 9. HP: 55/57 MP: 9/9
  4962 | D:6      | Reached skill level 9 in Maces & Flails
  5314 | D:6      | Found a glowing drain.
  5324 | Sewer    | Entered a sewer
  5630 | Sewer    | Got a fine spear
  5639 | Sewer    | Identified the cursed +0 spear "Huox Luh" {pierce, rElec
                  | rPois Dex-3} (You found it in a sewer)
  6211 | D:7      | Reached *** piety under Okawaru
  6279 | D:7      | Reached skill level 10 in Maces & Flails
  6321 | D:7      | Cast into level 3 of the Abyss (a distortion unwield)
  6351 | Abyss:3  | Noticed a wretched star
  6367 | Abyss:3  | Killed a wretched star
  6367 | Abyss:3  | Reached skill level 5 in Shields
  6367 | Abyss:3  | Reached XP level 10. HP: 65/65 MP: 6/8
  6383 | Abyss:3  | Noticed a large abomination
  6442 | Abyss:3  | Reached **** piety under Okawaru
  6442 | Abyss:3  | Noticed a bone dragon
  6457 | Abyss:3  | Noticed a satyr
  6458 | Abyss:3  | Slain by a bone dragon

Skill      XL: |  1  2  3  4  5  6  7  8  9 |
---------------+----------------------------+-----
Maces & Flails | 3 5 6 8 10 | 10.6
Fighting       | 4 5 7 8 |  8.8
Armour         | 4 5 6 |  6.2
Shields        | 4 5 |  5.3

Action                   |  1- 3 |  4- 6 |  7- 9 | 10-12 || total
-------------------------+-------+-------+-------+-------++-------
Melee: Flail             |   150 |    85 |       |       ||   235
       Whip              |       |    37 |   517 |    16 ||   570
Evoke: Wand              |       |       |     5 |       ||     5
  Use: Scroll            |       |       |    10 |     1 ||    11
       Potion            |       |       |     1 |       ||     1
  Eat: Chunk             |     2 |     4 |    26 |       ||    32
Armor: Scale mail        |    90 |    55 |    69 |       ||   214
       Chain mail        |       |       |   158 |     2 ||   160
Dodge: Dodged            |    49 |    42 |   152 |     4 ||   247
Block: Shield            |    89 |    32 |       |       ||   121
       Buckler           |       |     7 |    91 |     5 ||   103
